 Dungeon Crawl Stone Soup version 0.21-a0-536-gdbbf329 (webtiles) character file.

117163 Amnesiac the Thaumaturge (level 16, -12/122 HPs)
             Began as a Gnoll Wizard on Dec 14, 2017.
             Was a High Priest of Ashenzari.
             Killed from afar by a deep elf annihilator (40 damage)
             ... with a bolt of lightning
             ... on level 3 of the Elven Halls.
             The game lasted 01:13:33 (22003 turns).

Amnesiac the Thaumaturge (Gnoll Wizard)            Turns: 22003, Time: 01:13:34

Health: -12/122    AC: 17    Str: 17    XL:     16   Next: 73%
Magic:  26/32      EV: 18    Int: 25    God:    Ashenzari [*****.]
Gold:   417        SH: 13    Dex: 16    Spells: 19/39 levels left

rFire    + + +     SeeInvis +   a - +9 eveningstar "Imp's Nightmare" {freeze, Str+5} (curse)
rCold    . . .     Gourm    .   G - +0 shield (curse)
rNeg     . . .     Faith    .   q - +2 scale mail {MR+}
rPois    +         Spirit   .   k - +1 helmet (curse)
rElec    .         Reflect  .   E - +2 cloak {MR+} (curse)
rCorr    .         Harm     .   p - +0 pair of gloves
MR       ++++.     Clarity  +   e - +0 pair of boots {Stlth+} (curse)
Stlth    ++++......             (no amulet)
HPRegen  0.30/turn              y - ring of protection from fire (curse)
MPRegen  0.23/turn              r - ring of protection from magic (curse)

@: lethally poisoned (-12 -> -15)
A: distributed training, fangs 1, agile 1, deformed body, deterioration 1, fire
resistance 2, poison resistance, no potion heal 1, strong nose
a: Curse Item, Scrying, Renounce Religion


You were on level 3 of the Elven Halls.
You worshipped Ashenzari.
Ashenzari was extremely pleased with you.
You were not hungry.

You visited 3 branches of the dungeon, and saw 15 of its levels.

You collected 1687 gold pieces.
You spent 1270 gold pieces at shops.

Inventory:

Hand Weapons
 a - the cursed +9 eveningstar "Imp's Nightmare" (weapon) {freeze, Str+5}
   (You bought it in a shop on level 2 of the Orcish Mines)

   It has been specially enchanted to freeze those struck by it, causing extra
   injury to most foes and up to half again as much damage against particularly
   susceptible opponents.
   It can also slow down cold-blooded creatures.
   It affects your strength (+5).
   It has a curse placed upon it.
Missiles
 c - 2 throwing nets (quivered)
 z - 22 poisoned needles
Armour
 b - a +1 robe of fire resistance
 e - a cursed +0 pair of boots of stealth (worn)
 k - a cursed +1 helmet (worn)
 p - a +0 pair of gloves (worn)
 q - a +2 scale mail of magic resistance (worn)
 t - a +2 chain mail of cold resistance
 E - a cursed +2 cloak of magic resistance (worn)
 G - a cursed +0 shield (worn)
Jewellery
 r - a cursed ring of protection from magic (right hand)
 y - a cursed ring of protection from fire (left hand)
 O - the ring of Ru's Indignation {rElec rF- Int+4 SInv}
   (You took it off a deep elf archer on level 3 of the Elven Halls)

   [ring of see invisible]

   It affects your intelligence (+4).
   It makes you vulnerable to fire.
   It insulates you from electricity.
   It lets you see invisible.
Wands
 s - a wand of random effects (9)
 v - a wand of paralysis (7)
 A - a wand of iceblast (8)
 C - a wand of acid (8)
 H - a wand of digging (14)
 K - a wand of flame (30)
 M - a wand of polymorph (7)
Scrolls
 f - 5 scrolls of teleportation {!r}
 h - 4 scrolls of enchant weapon {!r}
 j - 2 scrolls of fear {!r}
 l - 5 scrolls of enchant armour {!r}
 m - 2 scrolls of remove curse {!r}
 n - 3 scrolls of identify {!r}
 w - 2 scrolls of amnesia {!r}
 x - a scroll of blinking {!r}
 B - 4 scrolls of magic mapping {!r}
 J - a scroll of fog {!r}
Potions
 g - a potion of ambrosia {!q}
 o - 3 potions of magic {!q}
 u - a potion of brilliance {!q}
 D - 3 potions of curing {!q}
 F - 3 potions of might {!q}
 I - 3 potions of flight {!q}
 L - 3 potions of cancellation {!q}
Comestibles
 d - 11 bread rations
 i - 9 meat rations
 P - 3 chunks of flesh
 Q - 14 fruits


   Skills:
 + Level 10.3 Fighting
 + Level 10.3 Short Blades
 + Level 10.3 Long Blades
 + Level 10.3 Axes
 + Level 10.3(14.0) Maces & Flails
 + Level 10.3 Polearms
 + Level 10.3 Staves
 + Level 10.3 Slings
 + Level 10.3 Bows
 + Level 10.3 Crossbows
 + Level 10.3 Throwing
 + Level 10.3(12.7) Armour
 + Level 11.2(13.6) Dodging
 + Level 11.0 Stealth
 + Level 10.3(12.7) Shields
 + Level 10.3 Unarmed Combat
 + Level 12.2 Spellcasting
 + Level 9.0(11.5) Conjurations
 + Level 8.7(11.3) Hexes
 + Level 8.7(11.3) Charms
 + Level 9.0(11.5) Summonings
 + Level 8.7(11.3) Necromancy
 + Level 9.0(11.5) Translocations
 + Level 8.7(11.3) Transmutations
 + Level 8.7(11.3) Fire Magic
 + Level 8.7(11.3) Ice Magic
 + Level 8.7(11.3) Air Magic
 + Level 8.7(11.3) Earth Magic
 + Level 8.7(11.3) Poison Magic
 + Level 11.1 Invocations
 + Level 10.3(12.7) Evocations


You had 19 spell levels left.
You knew the following spells:

 Your Spells              Type           Power        Failure   Level  Hunger
a - Magic Dart            Conj           ####         1%          1    None
b - Summon Ice Beast      Ice/Summ       ######..     1%          4    None
c - Cause Fear            Hex            ######....   1%          4    None
e - Mephitic Cloud        Conj/Pois/Air  ######..     1%          3    None
r - Regeneration          Chrm/Necr      ######....   1%          3    None
s - Conjure Flame         Conj/Fire      ######..     1%          3    None
v - Blink                 Tloc           N/A          1%          2    None


Dungeon Overview and Level Annotations

Branches:
Dungeon (10/15)            Temple (0/1) D:7            Lair (0/6) D:8
    Orc (2/2) D:10            Elf (3/3) Orc:2

Altars:
Ashenzari
Nemelex Xobeh
Ru
Sif Muna
Beogh

Shops:
D:4 *   D:7 (%*!   Orc:2 (([   Elf:3 [*[(

Annotations:
Elf:2 3 runed doors


Innate Abilities, Weirdness & Mutations

Your experience applies equally to all skills.
You have very sharp teeth.
Your uncanny sense of smell can sniff out nearby items.
You are agile. (Dex +2)
Armour fits poorly on your strangely shaped body.
Your body sometimes deteriorates upon taking damage.
Your flesh is very heat resistant. (rF++)
Your system is resistant to poisons. (rPois)
Potions are less effective at restoring your health.


Message History

The fire ignites!
The deep elf high priest calls down the wrath of its god upon you.
The sphere of damnation explodes!
The damnation engulfs you!
* * * LOW HITPOINT WARNING * * *
The deep elf annihilator is engulfed in blazing flames.
The deep elf annihilator hits you but does no damage.
There is an entrance to Inus's Antique Weapon Shoppe here.
Okay, then.
Really read
n - 4 scrolls of identify {!r}?
As you read the scroll of identify {!r}, it crumbles to dust.
N - a potion of experience {!q} Really quaff
N - a potion of experience {!q}?
You feel more experienced!
Your Stealth skill increases to level 11!
Your base Conjurations skill increases to level 9!
Your base Summonings skill increases to level 9!
Your base Translocations skill increases to level 9!
Your Invocations skill increases to level 11!
You have reached level 16!
You feel stronger.
The deep elf annihilator is engulfed in blazing flames.
The deep elf annihilator points at you and mumbles some strange words.
The poison arrow hits you!
You are poisoned.
You partially resist.
* * * LOW HITPOINT WARNING * * *
Unknown command.
Unknown command.
Unknown command.
Unknown command.
Unknown command.
Unknown command.
Unknown command.
Unknown command.
Unknown command.
Unknown command.
Unknown command.
Unknown command.
Unknown command.
Unknown command.
Unknown command.
Unknown command.
Unknown command.
Unknown command.
Unknown command.
Unknown command.
Unknown command.
Unknown command.
Unknown command.
Unknown command.
Unknown command.
You feel sick.
The deep elf annihilator is engulfed in blazing flames.
The deep elf annihilator barely misses you.
The deep elf high priest calls down the wrath of its god upon you.
Something smites you!
* * * LOW HITPOINT WARNING * * *
You barely miss the deep elf annihilator.
The deep elf annihilator is moderately wounded.
You feel sick.
The deep elf annihilator is engulfed in blazing flames.
The deep elf annihilator gestures at you while chanting.
The bolt of lightning hits you!
You die...

......# #..#
####### #..# ####
#..# ...# #..###
##.# #....#####
##.# ##.....(.#
##.# ###.###)#
##.# #.# #e# ##.##
#.###@# #...###
#.##^∩# ......#
#.#.).#
......######.#§###
.............#e#
......########)#
......# #)#
#...### #e# ..###
#)#


You could see a deep elf annihilator and a deep elf high priest.

Vanquished Creatures
  A deep elf master archer (Elf:3)
  A deep elf blademaster (Elf:3)
  Gastronok (D:9)
  3 deep elf sorcerers
  2 orc warlords (Orc:2)
  2 deep elf annihilators
  2 deep elf demonologists
  A deep elf death mage (Elf:3)
  A deep elf high priest (Elf:3)
  A hydra (D:8)
  5 two-headed ogres
  10 dancing weapons
  4 orc high priests
  18 deep elf knights
  9 deep elf archers
  A wizard (Elf:1)
  The ghost of mortelune the Destroyer, a novice DEFE of Vehumet (D:9)
  50 deep elf magi
  A salamander (shapeshifter) (Elf:3)
  3 orc sorcerers
  2 manticores (Elf:3)
  13 orc knights
  3 orange demons (Elf:3)
  A tengu conjurer (Elf:1)
  3 trolls
  A merfolk (shapeshifter) (Elf:3)
  Prince Ribbit (D:9)
  2 dream sheep (D:8)
  8 air elementals
  2 water elementals
  A wyvern (D:9)
  8 yaks
  A fire elemental (Elf:1)
  Grum (D:9)
  2 wargs
  A two-headed ogre zombie (D:10)
  4 sky beasts
  34 orc warriors
  3 phantoms
  12 ogres
  4 centaurs
  A boggart (Elf:1)
  3 wolves (D:9)
  A centaur (shapeshifter) (Orc:2)
  6 big kobolds
  4 bullfrogs
  An earth elemental (Elf:3)
  2 gnoll sergeants
  A troll zombie (D:10)
  5 scorpions
  3 wights (D:10)
  2 crimson imps
  3 hounds
  2 jellies
  A centaur zombie (D:8)
  28 orc wizards
  Crazy Yiuf (D:3)
  23 orc priests
  2 bullfrog skeletons
  4 iguanas
  5 worker ants
  Ijyb (D:3)
  Terence (D:2)
  6 ogre zombies (D:10)
  A hound zombie (D:10)
  A hound skeleton (D:6)
  A worker ant zombie (D:10)
  22 gnolls
  10 adders
  A shadow imp (D:7)
  3 oozes
  2 adder zombies
  3 adder skeletons
  4 worms
  2 leopard geckos
  112 orcs
  3 ball pythons
  4 bats
  7 giant cockroaches
  10 hobgoblins
  8 jackals
  37 kobolds
  7 quokkas
  3 frilled lizards
  14 goblins
  A goblin skeleton (D:10)
  4 goblin zombies (D:10)
  3 hobgoblin skeletons (D:10)
  6 hobgoblin zombies (D:10)
  2 jackal skeletons (D:5)
  2 orc skeletons (D:10)
  8 orc zombies (D:10)
  2 quokka skeletons
  9 rats
  A plant (D:7)
623 creatures vanquished.

Vanquished Creatures (collateral kills)
  A crimson imp (D:4)
1 creature vanquished.

Vanquished Creatures (others)
  A deep elf elementalist (Elf:3)
  A deep elf knight (Elf:1)
  A deep elf mage (Elf:2)
3 creatures vanquished.

Grand Total: 627 creatures vanquished

Notes
Turn   | Place    | Note
-------+----------+-------------------------------------------
     0 | D:1      | Amnesiac the Gnoll Wizard began the quest for the Orb.
     0 | D:1      | Reached XP level 1. HP: 13/13 MP: 8/8
   136 | D:1      | Reached XP level 2. HP: 19/19 MP: 2/10
   229 | D:1      | Learned a level 2 spell: Blink
   232 | D:1      | Learned a level 2 spell: Call Imp
   276 | D:2      | Found a faded altar of an unknown god.
   412 | D:3      | Reached XP level 3. HP: 25/25 MP: 4/11
   417 | D:3      | Learned a level 3 spell: Conjure Flame
   421 | D:3      | Learned a level 3 spell: Mephitic Cloud
   485 | D:3      | Noticed a bullfrog
   503 | D:3      | Reached skill level 1 in Invocations
   512 | D:3      | Killed a bullfrog
   512 | D:3      | Reached skill level 1 in Fighting
   512 | D:3      | Reached skill level 1 in Short Blades
   512 | D:3      | Reached skill level 1 in Long Blades
   512 | D:3      | Reached skill level 1 in Axes
   512 | D:3      | Reached skill level 1 in Maces & Flails
   512 | D:3      | Reached skill level 1 in Polearms
   512 | D:3      | Reached skill level 1 in Staves
   512 | D:3      | Reached skill level 1 in Slings
   512 | D:3      | Reached skill level 1 in Bows
   512 | D:3      | Reached skill level 1 in Crossbows
   512 | D:3      | Reached skill level 1 in Throwing
   512 | D:3      | Reached skill level 1 in Armour
   512 | D:3      | Reached skill level 1 in Shields
   512 | D:3      | Reached skill level 1 in Unarmed Combat
   512 | D:3      | Reached skill level 1 in Hexes
   512 | D:3      | Reached skill level 1 in Charms
   512 | D:3      | Reached skill level 1 in Necromancy
   512 | D:3      | Reached skill level 1 in Transmutations
   512 | D:3      | Reached skill level 1 in Fire Magic
   512 | D:3      | Reached skill level 1 in Ice Magic
   512 | D:3      | Reached skill level 1 in Air Magic
   512 | D:3      | Reached skill level 1 in Earth Magic
   512 | D:3      | Reached skill level 1 in Poison Magic
   512 | D:3      | Reached skill level 1 in Evocations
   512 | D:3      | Reached XP level 4. HP: 28/32 MP: 1/13
   598 | D:4      | Reached XP level 5. HP: 30/37 MP: 6/14
   768 | D:3      | Noticed a sky beast
   795 | D:4      | Killed a sky beast
   795 | D:4      | Reached XP level 6. HP: 22/44 MP: 11/16
   815 | D:4      | Gained mutation: You have a pair of small horns on your head. [mutagenic meat]
   816 | D:4      | Gained mutation: You are weak. (Str -2) [mutagenic meat]
   817 | D:4      | Gained mutation: Your magical capacity is low. (-10% MP) [mutagenic meat]
  1376 | D:4      | Noticed a phantom
  1386 | D:4      | Reached skill level 5 in Dodging
  1582 | D:4      | Found Ushups's General Store.
  1590 | D:4      | Bought a scroll of teleportation for 42 gold pieces
  1590 | D:4      | Bought a potion of brilliance for 56 gold pieces
  1691 | D:5      | Entered Level 5 of the Dungeon
  1713 | D:5      | Found a sparkling altar of Nemelex Xobeh.
  1728 | D:5      | Learned a level 4 spell: Cause Fear
  1849 | D:5      | Noticed a sky beast
  1890 | D:5      | Killed a sky beast
  1890 | D:5      | Reached XP level 7. HP: 38/50 MP: 13/16
  1903 | D:5      | Lost mutation: Your magical capacity is low. (-10% MP) [mutagenic meat]
  1904 | D:5      | Gained mutation: You evolve. [mutagenic meat]
  1907 | D:5      | Gained mutation: Potions are less effective at restoring your health. [mutagenic meat]
  2263 | D:5      | Found a sacrificial altar of Ru.
  2265 | D:5      | Found a shattered altar of Ashenzari.
  2273 | D:5      | Became a worshipper of Ashenzari the Shackled
  2704 | D:2      | Found a deep blue altar of Sif Muna.
  2946 | D:2      | Noticed Terence
  2959 | D:2      | Killed Terence
  2959 | D:2      | Reached skill level 5 in Stealth
  3229 | D:3      | Noticed Ijyb
  3232 | D:3      | Killed Ijyb
  3283 | D:3      | Reached * piety under Ashenzari
  3445 | D:3      | Gained mutation: Your spells are a little harder to cast, but a little more powerful. [evolution]
  3638 | D:3      | Found a runed door.
  3744 | D:3      | Noticed Crazy Yiuf
  3748 | D:3      | Killed Crazy Yiuf
  3908 | D:5      | Reached XP level 8. HP: 50/57 MP: 19/19
  3912 | D:5      | Gained mutation: You are clumsy. (Dex -2) [mutagenic meat]
  3913 | D:5      | Gained mutation: You are occasionally teleported next to monsters. [mutagenic meat]
  3915 | D:5      | Gained mutation: You tend to lose your temper in combat. [mutagenic meat]
  5673 | D:6      | Reached skill level 8 in Spellcasting
  5713 | D:6      | Identified the +7 quarterstaff of Gravity {flame, +Inv}
  5930 | D:6      | Reached ** piety under Ashenzari
  6058 | D:7      | Found Roug's Distillery.
  6069 | D:7      | Lost mutation: You have a pair of small horns on your head. [potion of mutation]
  6069 | D:7      | Lost mutation: You are weak. (Str -2) [potion of mutation]
  6069 | D:7      | Gained mutation: You are frail. (-10% HP) [potion of mutation]
  6069 | D:7      | Gained mutation: Your flesh is cold resistant. (rC+) [potion of mutation]
  6070 | D:7      | Lost mutation: You are clumsy. (Dex -2) [potion of mutation]
  6070 | D:7      | Lost mutation: You are frail. (-10% HP) [potion of mutation]
  6070 | D:7      | Lost mutation: Your flesh is cold resistant. (rC+) [potion of mutation]
  6070 | D:7      | Lost mutation: You are occasionally teleported next to monsters. [potion of mutation]
  6070 | D:7      | Lost mutation: Your spells are a little harder to cast, but a little more powerful. [potion of mutation]
  6148 | D:7      | Bought a potion of mutation for 112 gold pieces
  6148 | D:7      | Lost mutation: You evolve. [potion of mutation]
  6148 | D:7      | Lost mutation: You tend to lose your temper in combat. [potion of mutation]
  6148 | D:7      | Gained mutation: You are robust. (+10% HP) [potion of mutation]
  6148 | D:7      | Gained mutation: You are surrounded by a mild repulsion field. (EV +2) [potion of mutation]
  6174 | D:7      | Found Kuici's Assorted Antiques.
  6176 | D:7      | Noticed a two-headed ogre
  6207 | D:7      | Killed a two-headed ogre
  6207 | D:7      | Reached XP level 9. HP: 30/71 MP: 10/21
  6367 | D:7      | Found Xayqu's Food Shop.
  6888 | D:7      | Found a staircase to the Ecumenical Temple.
  6942 | D:7      | Found Liyjuj's Antique Weapon Emporium.
  7178 | D:8      | Found a staircase to the Lair.
  7398 | D:8      | Reached *** piety under Ashenzari
  7503 | D:8      | Reached skill level 5 in Invocations
  7701 | D:8      | Reached XP level 10. HP: 59/80 MP: 7/22
  8029 | D:8      | Noticed a three-headed hydra
  8109 | D:8      | Killed a three-headed hydra
  8109 | D:8      | Reached skill level 5 in Fighting
  8109 | D:8      | Reached skill level 5 in Short Blades
  8109 | D:8      | Reached skill level 5 in Long Blades
  8109 | D:8      | Reached skill level 5 in Axes
  8109 | D:8      | Reached skill level 5 in Maces & Flails
  8109 | D:8      | Reached skill level 5 in Polearms
  8109 | D:8      | Reached skill level 5 in Staves
  8109 | D:8      | Reached skill level 5 in Slings
  8109 | D:8      | Reached skill level 5 in Bows
  8109 | D:8      | Reached skill level 5 in Crossbows
  8109 | D:8      | Reached skill level 5 in Throwing
  8109 | D:8      | Reached skill level 5 in Armour
  8109 | D:8      | Reached skill level 5 in Shields
  8109 | D:8      | Reached skill level 5 in Unarmed Combat
  8109 | D:8      | Reached skill level 5 in Evocations
  8163 | D:9      | Noticed mortelune's ghost (novice DEFE)
  8181 | D:9      | Killed mortelune's ghost
  8181 | D:9      | Reached skill level 9 in Spellcasting
  8218 | D:9      | Noticed Grum
  8231 | D:9      | Killed Grum
  8231 | D:9      | Reached skill level 5 in Conjurations
  8231 | D:9      | Reached skill level 5 in Summonings
  8231 | D:9      | Reached skill level 5 in Translocations
  8471 | D:9      | Noticed Gastronok
  8488 | D:9      | Learned a level 3 spell: Regeneration
  8501 | D:9      | Killed Gastronok
  8501 | D:9      | Reached XP level 11. HP: 39/89 MP: 20/24
  8651 | D:9      | Noticed Prince Ribbit
  8657 | D:9      | Killed Prince Ribbit
  8968 | D:9      | Found a roughly hewn altar of Beogh.
  9010 | D:9      | Reached skill level 5 in Hexes
  9010 | D:9      | Reached skill level 5 in Charms
  9010 | D:9      | Reached skill level 5 in Necromancy
  9010 | D:9      | Reached skill level 5 in Transmutations
  9010 | D:9      | Reached skill level 5 in Fire Magic
  9010 | D:9      | Reached skill level 5 in Ice Magic
  9010 | D:9      | Reached skill level 5 in Air Magic
  9010 | D:9      | Reached skill level 5 in Earth Magic
  9010 | D:9      | Reached skill level 5 in Poison Magic
  9320 | D:10     | Entered Level 10 of the Dungeon
  9328 | D:10     | Noticed a two-headed ogre
  9358 | D:9      | Killed a two-headed ogre
  9390 | D:9      | Gained mutation: Your system is resistant to poisons. (rPois) [mutagenic meat]
  9391 | D:9      | Gained mutation: Your flesh is heat resistant. (rF+) [mutagenic meat]
 10896 | D:10     | Found a staircase to the Orcish Mines.
 10898 | D:10     | Noticed a two-headed ogre
 10921 | D:10     | Killed a two-headed ogre
 11361 | Orc:1    | Entered Level 1 of the Orcish Mines
 11383 | Orc:1    | Reached **** piety under Ashenzari
 11579 | D:10     | Learned a level 4 spell: Summon Ice Beast
 11589 | Orc:2    | Entered Level 2 of the Orcish Mines
 11618 | Orc:2    | Found a staircase to the Elven Halls.
 11765 | Orc:2    | Reached XP level 12. HP: 81/97 MP: 20/25
 11869 | Orc:2    | Found a roughly hewn altar of Beogh.
 11870 | Orc:2    | Found Qiasuuk's Antique Weapon Boutique.
 12067 | Orc:2    | Found a roughly hewn altar of Beogh.
 12167 | Orc:2    | Found a roughly hewn altar of Beogh.
 12178 | Orc:2    | Found Vejots's Armour Emporium.
 12448 | Orc:1    | Reached skill level 10 in Spellcasting
 12675 | Orc:2    | Found a roughly hewn altar of Beogh.
 12806 | Orc:2    | Found a roughly hewn altar of Beogh.
 12893 | Orc:2    | Noticed an orc high priest
 12908 | Orc:2    | Noticed an orc warlord
 12918 | Orc:2    | Killed an orc high priest
 13232 | Orc:2    | Killed an orc warlord
 13327 | Orc:2    | Found a roughly hewn altar of Beogh.
 13327 | Orc:2    | Found Ysmisi's Antique Weapon Emporium.
 13328 | Orc:2    | Found Ytae's Antique Armour Shoppe.
 13573 | Orc:2    | Bought an ebony eveningstar for 580 gold pieces
 13573 | Orc:2    | Identified the +9 eveningstar "Imp's Nightmare" {freeze, Str+5} (You bought it in a shop on level 2 of the Orcish Mines)
 13717 | D:7      | Bought a pair of glowing boots for 217 gold pieces
 13938 | Elf:1    | Entered Level 1 of the Elven Halls
 14262 | Elf:1    | Noticed a deep elf knight
 14272 | Elf:1    | Killed a deep elf knight
 14278 | Elf:1    | Noticed a two-headed ogre
 14278 | Elf:1    | Noticed an orc high priest
 14286 | Elf:1    | Killed a two-headed ogre
 14660 | Elf:1    | Killed an orc high priest
 14679 | Elf:1    | Noticed a two-headed ogre
 14697 | Elf:1    | Killed a two-headed ogre
 14702 | Elf:1    | Reached XP level 13. HP: 69/107 MP: 25/27
 15060 | Elf:1    | Noticed an orc warlord
 15333 | Orc:2    | Killed an orc warlord
 15379 | Orc:2    | Lost mutation: You are robust. (+10% HP) [mutagenic meat]
 15380 | Orc:2    | Gained mutation: Your flesh is very heat resistant. (rF++) [mutagenic meat]
 15381 | Orc:2    | Gained mutation: Armour fits poorly on your strangely shaped body. [mutagenic meat]
 16378 | Elf:1    | Reached skill level 11 in Spellcasting
 16472 | Elf:1    | Reached XP level 14. HP: 64/106 MP: 21/29
 16897 | Elf:1    | Noticed a deep elf sorcerer
 16904 | Elf:1    | Killed a deep elf sorcerer
 16904 | Elf:1    | Reached skill level 10 in Dodging
 17529 | Elf:1    | Noticed a deep elf annihilator
 17530 | Elf:1    | Noticed a deep elf demonologist
 17569 | Elf:1    | Killed a deep elf annihilator
 17587 | Elf:1    | Reached skill level 10 in Stealth
 18046 | Elf:1    | Reached skill level 10 in Invocations
 18314 | Elf:1    | Killed a deep elf demonologist
 18753 | Elf:2    | HP: 2/108 [battleaxe of electrocution (14)]
 18881 | D:7      | Bought a potion of mutation for 112 gold pieces
 18881 | D:7      | Lost mutation: You are surrounded by a mild repulsion field. (EV +2) [potion of mutation]
 18881 | D:7      | Gained mutation: Your body sometimes deteriorates upon taking damage. [potion of mutation]
 18881 | D:7      | Gained mutation: You are agile. (Dex +2) [potion of mutation]
 19405 | Elf:2    | Reached XP level 15. HP: 64/114 MP: 30/30
 20036 | Elf:2    | Found a runed gate.
 20036 | Elf:2    | Found a runed gate.
 20037 | Elf:2    | Found a runed gate.
 20211 | Elf:3    | Entered Level 3 of the Elven Halls
 20441 | Elf:3    | Found Suyxzist's General Store.
 20449 | Elf:3    | Found Rodiwawo's Antique Armour Emporium.
 20651 | Elf:3    | Found Guttes's Antique Armour Boutique.
 20654 | Elf:3    | Bought a runed robe for 151 gold pieces
 20760 | Elf:3    | Reached ***** piety under Ashenzari
 20843 | Elf:3    | Found Inus's Antique Weapon Shoppe.
 20882 | Elf:3    | Noticed a deep elf elementalist
 20882 | Elf:3    | Noticed a deep elf sorcerer
 20923 | Elf:3    | Killed a deep elf sorcerer
 20926 | Elf:3    | Noticed a deep elf blademaster
 20926 | Elf:3    | Killed a deep elf elementalist
 20927 | Elf:3    | Noticed a deep elf sorcerer
 20939 | Elf:3    | Killed a deep elf blademaster
 21189 | Elf:3    | Noticed a deep elf blademaster
 21219 | Elf:3    | Noticed a deep elf master archer
 21251 | Elf:3    | Killed a deep elf master archer
 21259 | Elf:3    | Reached skill level 12 in Spellcasting
 21517 | Elf:3    | Reached skill level 10 in Fighting
 21517 | Elf:3    | Reached skill level 10 in Short Blades
 21517 | Elf:3    | Reached skill level 10 in Long Blades
 21517 | Elf:3    | Reached skill level 10 in Axes
 21517 | Elf:3    | Reached skill level 10 in Maces & Flails
 21517 | Elf:3    | Reached skill level 10 in Polearms
 21517 | Elf:3    | Reached skill level 10 in Staves
 21517 | Elf:3    | Reached skill level 10 in Slings
 21517 | Elf:3    | Reached skill level 10 in Bows
 21517 | Elf:3    | Reached skill level 10 in Crossbows
 21517 | Elf:3    | Reached skill level 10 in Throwing
 21517 | Elf:3    | Reached skill level 10 in Armour
 21517 | Elf:3    | Reached skill level 10 in Shields
 21517 | Elf:3    | Reached skill level 10 in Unarmed Combat
 21517 | Elf:3    | Reached skill level 10 in Evocations
 21749 | Elf:3    | Noticed a deep elf sorcerer
 21778 | Elf:3    | Killed a deep elf sorcerer
 21835 | Elf:3    | Identified the ring of Ru's Indignation {rElec rF- Int+4 SInv} (You took it off a deep elf archer on level 3 of the Elven Halls)
 21970 | Elf:3    | Noticed a deep elf sorcerer
 22001 | Elf:3    | Reached XP level 16. HP: 52/122 MP: 25/32
 22003 | Elf:3    | Killed from afar by a deep elf annihilator

Vault maps used:
D:1:      ncdulo_watergridlock
D:2:      led_sif_pool, first_bread, chequers_ecumenical_altar_simple_redux,
          uniq_terence
D:3:      uniq_ijyb, uniq_crazy_yiuf_cottage
D:4:      serial_shops, shop
D:5:      corexii_shantytown, nemelex_xobeh_ov_fountains_minmay,
          chequers_temple_overflow_statue_of_worship
D:7:      temple_hall, serial_shops, shop_statue, shop_fountains, shop,
          nicolae_shop_overgrown_old_shop
D:8:      lair_entry_dummy, hangedman_ranch
D:9:      special_room, uniq_gastronok, uniq_grum, uniq_prince_ribbit1
D:10:     zombieorc2_lemuel
Orc:2:    grunt_orc_community_town_hall, grunt_orc_community_big_house_2,
          grunt_orc_community_big_house_1, grunt_orc_community_house_2,
          grunt_orc_community_house_2, grunt_orc_community_house_2,
          grunt_orc_community_house_3, grunt_orc_community_house_3
Elf:1:    elf_arrival_001, special_room, hangedman_elf_disciples,
          minmay_misc_feat_rows, serial_sigils_hangedman_etch,
          grunt_megastairs_3
Elf:2:    uniq_donald
Elf:3:    minmay_elf_hall_spiked, serial_shops, shop, shop, shop, shop,
          einodemon_barbed_minivault

Skill      XL: |  1  2  3  4  5  6  7  8  9 10 11 12 13 14 15 |
---------------+----------------------------------------------+-----
Conjurations   | 2 3 4 5 6 7 8 9 |  9.0
Summonings     | 2 3 4 5 6 7 8 9 |  9.0
Translocations | 2 3 4 5 6 7 8 9 |  9.0
Invocations    | 1 2 3 4 5 6 7 8 9 10 11 | 11.1
Fighting       | 1 2 4 5 6 7 8 9 10 | 10.3
Short Blades   | 1 2 4 5 6 7 8 9 10 | 10.3
Long Blades    | 1 2 4 5 6 7 8 9 10 | 10.3
Axes           | 1 2 4 5 6 7 8 9 10 | 10.3
Maces & Flails | 1 2 4 5 6 7 8 9 10 | 10.3
Polearms       | 1 2 4 5 6 7 8 9 10 | 10.3
Staves         | 1 2 4 5 6 7 8 9 10 | 10.3
Slings         | 1 2 4 5 6 7 8 9 10 | 10.3
Bows           | 1 2 4 5 6 7 8 9 10 | 10.3
Crossbows      | 1 2 4 5 6 7 8 9 10 | 10.3
Throwing       | 1 2 4 5 6 7 8 9 10 | 10.3
Armour         | 1 2 4 5 6 7 8 9 10 | 10.3
Shields        | 1 2 4 5 6 7 8 9 10 | 10.3
Unarmed Combat | 1 2 4 5 6 7 8 9 10 | 10.3
Hexes          | 1 2 3 4 5 6 7 8 |  8.7
Charms         | 1 2 3 4 5 6 7 8 |  8.7
Necromancy     | 1 2 3 4 5 6 7 8 |  8.7
Transmutations | 1 2 3 4 5 6 7 8 |  8.7
Fire Magic     | 1 2 3 4 5 6 7 8 |  8.7
Ice Magic      | 1 2 3 4 5 6 7 8 |  8.7
Air Magic      | 1 2 3 4 5 6 7 8 |  8.7
Earth Magic    | 1 2 3 4 5 6 7 8 |  8.7
Poison Magic   | 1 2 3 4 5 6 7 8 |  8.7
Evocations     | 1 2 4 5 6 7 8 9 10 | 10.3
Dodging        | 5 6 7 8 9 10 11 | 11.2
Stealth        | 5 6 7 8 9 10 11 | 11.0
Spellcasting   | 8 9 10 11 12 | 12.2

Action                   |  1- 3 |  4- 6 |  7- 9 | 10-12 | 13-15 | 16-18 || total
-------------------------+-------+-------+-------+-------+-------+-------++-------
Melee: Unarmed           |     4 |     2 |       |       |       |       ||     6
       Bite              |       |     9 |    51 |    89 |    62 |       ||   211
       Falchion          |       |    33 |       |       |       |       ||    33
       Dagger            |       |    25 |   578 |   838 |       |       ||  1441
       Headbutt          |       |     9 |    45 |       |       |       ||    54
       Punch             |       |     1 |    11 |    21 |       |       ||    33
       Eveningstar       |       |       |       |    54 |   608 |     1 ||   663
 Cast: Magic Dart        |    54 |    48 |    11 |    90 |       |       ||   203
       Mephitic Cloud    |     1 |     3 |    35 |    77 |    89 |       ||   205
       Conjure Flame     |       |     4 |     5 |    53 |    23 |       ||    85
       Call Imp          |       |     4 |       |       |       |       ||     4
       Blink             |       |       |       |     4 |     4 |       ||     8
       Cause Fear        |       |       |       |     1 |       |       ||     1
       Regeneration      |       |       |       |       |     5 |       ||     5
Invok: Curse Item        |       |       |     3 |     5 |       |       ||     8
  Use: Scroll            |       |       |     5 |    13 |     3 |       ||    21
       Potion            |       |       |     3 |       |     5 |       ||     8
 Stab: Confused          |       |     3 |    17 |    61 |    50 |       ||   131
       Sleeping          |       |       |    14 |     5 |     3 |       ||    22
       Distracted        |       |       |     1 |       |     2 |       ||     3
  Eat: Chunk             |       |     6 |    24 |    18 |    17 |       ||    65
       Royal jelly       |       |       |     2 |     2 |     5 |       ||     9
       Meat ration       |       |       |       |     1 |       |       ||     1
       Fruit             |       |       |       |       |     1 |       ||     1
Armor: Robe              |     3 |     6 |    51 |    70 |       |       ||   130
       Chain mail        |       |       |       |     9 |       |       ||     9
       Scale mail        |       |       |       |       |   123 |       ||   123
Dodge: Dodged            |     5 |    40 |   316 |   479 |   233 |     1 ||  1074
Block: Shield            |       |       |       |    49 |   216 |       ||   265
       Rpst.: Falchion   |       |     7 |       |       |       |       ||     7

Table legend:
 A = Spawn XP
 B = Non-spawn XP
 C = Spawn XP percentage of total XP
 D = Spawn monster count
 E = Non-spawn monster count
 F = Spawn count percentage of total count
 G = Total turns spent on level
                    A         B        C        D         E        F      G
               +---------+---------+-------+---------+---------+-------+---------
         Total |       0 |  117612 |   0.0 |       0 |     625 |   0.0 | 22003
               +---------+---------+-------+---------+---------+-------+---------
           D:1 |       0 |      27 |   0.0 |       0 |      17 |   0.0 |   590
           D:2 |       0 |     110 |   0.0 |       0 |      24 |   0.0 |   651
           D:3 |       0 |     226 |   0.0 |       0 |      20 |   0.0 |   925
           D:4 |       0 |     342 |   0.0 |       0 |      21 |   0.0 |  1195
           D:5 |       0 |     845 |   0.0 |       0 |      59 |   0.0 |  1618
           D:6 |       0 |     451 |   0.0 |       0 |      19 |   0.0 |  1283
           D:7 |       0 |    1755 |   0.0 |       0 |      24 |   0.0 |  1016
           D:8 |       0 |    2862 |   0.0 |       0 |      25 |   0.0 |  1158
           D:9 |       0 |    6196 |   0.0 |       0 |      64 |   0.0 |  1394
          D:10 |       0 |    4222 |   0.0 |       0 |      67 |   0.0 |  1860
         Orc:1 |       0 |    1495 |   0.0 |       0 |      29 |   0.0 |   650
         Orc:2 |       0 |   11008 |   0.0 |       0 |     100 |   0.0 |  2944
         Elf:1 |       0 |   45961 |   0.0 |       0 |      87 |   0.0 |  3679
         Elf:2 |       0 |   16509 |   0.0 |       0 |      32 |   0.0 |  1248
         Elf:3 |       0 |   25603 |   0.0 |       0 |      37 |   0.0 |  1792
               +---------+---------+-------+---------+---------+-------+---------
